 Dungeon Crawl Stone Soup version 0.31-a0-217-g58bb5d79cf (webtiles) character file.

Game seed: 9200105783817162018

6308 12572944 the Grappler (level 10, -1/97 (100) HPs)
             Began as a Troll Fighter on July 2, 2023.
             Was a Follower of Wu Jian.
             Slain by a soul eater (22 damage)
             ... summoned by a kobold demonologist
             ... on level 9 of the Dungeon.
             The game lasted 00:48:42 (7584 turns).

12572944 the Grappler (Troll Fighter)               Turns: 7584, Time: 00:48:43

HP:   -1/97 (100)   AC:  0    Str: 25    XL:     10   Next: 63%
MP:   9/9           EV: 16    Int:  7    God:    Wu Jian [*.....]
Gold: 513           SH:  0    Dex: 13    Spells: 9/9 levels left

rFire   . .          .
                       - Unarmed
rCold   . . .        b - melded +1 kite shield
rNeg    . . .        F - melded +0 steam dragon scales
rPois   .            (helmet currently unavailable)
rElec   .            G - melded scarf {repulsion}
rCorr   .            (gloves unavailable)
SInv    +            (boots unavailable)
Will    .....        (no amulet)
Stlth   +            E - melded +4 ring of protection
HPRegen 1.16/turn    (ring currently unavailable)
MPRegen 0.11/turn

%: no passive effects
@: pig-form (expiring), lightly drained, very quick
A: fast, no casting, small, unfitting armour, (claws 3), regeneration 1, (shaggy
fur 1), (tough skin 1), (horns 1), see invisible, agile 1
a: Renounce Religion


You were on level 9 of the Dungeon.
You worshipped Wu Jian.
Wu Jian was aware of your devotion.
You were a filthy swine.
You visited 2 branches of the dungeon, and saw 10 of its levels.
You also visited: Sewer.

You collected 513 gold pieces.

Inventory:

Missiles
 f - 62 stones (quivered)
 h - a curare-tipped dart
 o - 4 javelins
 t - 7 large rocks
 u - 17 boomerangs of dispersal
 y - a throwing net
Armour
 a - a +0 robe
 b - a +1 kite shield (melded)
 F - +0 steam dragon scales (melded)
 G - a scarf of repulsion (melded)
Jewellery
 B - a ring of fire
 E - a +4 ring of protection (melded)
Wands
 s - a wand of flame (20)
 A - a wand of light (1)
Scrolls
 e - 2 scrolls of fear
 i - 7 scrolls of teleportation {@r4}
 m - a scroll of immolation {unknown}
 p - a scroll of butterflies
 q - a scroll of revelation {unknown}
 v - a scroll of amnesia {unknown}
 w - a scroll of silence {unknown}
 x - 3 scrolls of blinking
 z - a scroll of enchant weapon
 C - a scroll of poison {unknown}
 D - a scroll of acquirement
Potions
 c - a potion of lignification
 d - 2 potions of curing {@q1}
 g - a potion of invisibility
 j - 2 potions of heal wounds {@q2}
 k - a potion of mutation
 l - a potion of brilliance
 n - a potion of berserk rage
 r - a potion of attraction


   Skills:
 + Level 6.9 Fighting
 + Level 4.8 Dodging
 + Level 7.6 Shields
 * Level 11.1 Unarmed Combat


You had 9 spell levels left.
You didn't know any spells.
Your spell library contained the following spells:

 Spells                   Type           Power      Damage    Failure   Level
 Beastly Appendage        Tmut           0%         N/A       43%         1
 Magic Dart               Conj           0%         1d3       43%         1
 Call Imp                 Summ           0%         N/A       56%         2
 Ensorcelled Hibernation  Hex/Ice        0%         N/A       56%         2
 Passwall                 Tmut/Erth      0%         N/A       56%         2
 Wereblood                Tmut           0%         N/A       56%         2
 Mephitic Cloud           Conj/Pois/Air  0%         N/A       80%         3
 Spider Form              Tmut/Pois      0%         N/A       80%         3
 Swiftness                Air            0%         N/A       80%         3
 Animate Dead             Necr           0%         N/A       99%         4
 Borgnjor's Vile Clutch   Necr/Erth      0%         N/A       100%        5
 Death Channel            Necr           0%         N/A       100%        6


Dungeon Overview and Level Annotations

Branches:
Dungeon (9/15)             Temple (1/1) D:7           Sewer (visited)
   Lair: D:8-11         Orc: D:9-12

Altars:
Ashenzari
Cheibriados
Dithmenos
Elyvilon
Fedhas
Gozag
Hepliaklqana
Kikubaaqudgha
Makhleb
Nemelex Xobeh
Okawaru
Qazlal
Ru
Sif Muna
Trog
Uskayaw
Vehumet
Wu Jian
Xom
Yredelemnul
Zin
The Shining One

Annotations:
D:5 exclusion: downstairs
D:7 2 transporters, MrSquiggles's ghost, novice HuWn


Innate Abilities, Weirdness & Mutations

You are a filthy swine.
You move quickly.
Your equipment is almost entirely melded.
You are incapable of wielding weapons or throwing items.
You cannot cast spells.
You are too large for most types of armour.
((You have claws for hands.))
Your natural rate of healing is unusually fast.
((You are covered in fur. (AC +1)))
((You have tough skin. (AC +1)))
((You have a pair of small horns on your head.))
You have supernaturally acute eyesight. (SInv)
You are agile. (Dex +4, Str/Int -1)


Message History

The kobold demonologist begins to cast a cantrip, but forgets the words!
The kobold barely misses you. The shadow imp hits you. The soul eater hits you!
You feel drained.
The crimson imp blinks!
Press: ? - help, v - describe, . - travel
Here: a soul eater (summoned)
The floor.
You miss the kobold demonologist.
The kobold demonologist is heavily wounded.
The kobold hits you with a +0 club.
The kobold demonologist casts a spell.
The kobold demonologist hits you with a +0 dagger.
The shadow imp gestures at you. Pain shoots through your body!
The soul eater draws from the surrounding life force!
You closely miss the kobold demonologist.
The kobold demonologist is heavily wounded.
The kobold demonologist casts a cantrip, but nothing happens.
The kobold demonologist looks encouraged for a moment.
The kobold hits you with a +0 club.
The soul eater draws from the surrounding life force!
You closely miss the kobold demonologist.
The kobold demonologist is heavily wounded.
The kobold closely misses you.
The kobold demonologist barely misses you.
The kobold demonologist zaps a wand.
The puff of flame misses you.
The shadow imp shouts, "Bolt, thou foisting half-faced mammet!"
You hit the kobold demonologist.
The kobold demonologist is heavily wounded.
Your transformation is almost over.
The soul eater hits you!
* * * LOW HITPOINT WARNING * * *
The crimson imp barely misses you.
You hit the kobold demonologist but do no damage.
The kobold demonologist is heavily wounded.
The kobold demonologist barely misses you.
The kobold hits you with a +0 club.
* * * LOW HITPOINT WARNING * * *
The kobold demonologist mumbles some strange words.
The soul eater hits you!!
You die...

. .. ... ..(. ..... .....4#### #
.....5Kh5######### #
....<5K3K5.......# #
......###....#.### #
##################.3......######.
................)................
##################....#..........
##........######......#..##......
##..........##........#......#.##
...............###.............##


You could see a soul eater (summoned), an ice devil (summoned), 2 kobold
demonologists, a ynoxinul (summoned), a quasit (summoned), a crimson imp
(summoned), a shadow imp (summoned), an ufetubus (summoned) and a kobold.

Vanquished Creatures
  Pikel (D:8)
  A kobold demonologist (D:9)
  A vampire (D:8)
  A wraith (D:8)
  8 yaks
  A steam dragon (D:9)
  A water moccasin (D:5)
  3 orc warriors
  2 sky beasts
  2 ice beasts
  4 black bears
  An ogre (D:4)
  3 phantoms
  5 centaurs
  3 kobold brigands
  2 gnoll sergeants
  2 scorpions (D:6)
  4 bullfrogs
  13 wights
  5 killer bees
  3 howler monkeys
  2 hounds
  2 jellies (D:5)
  3 orc priests
  2 iguanas (D:5)
  2 orc wizards (D:8)
  6 adders
  7 gnolls
  2 shadow imps
  A white imp (D:7)
  A dart slug (D:2)
  15 orcs
  17 endoplasms
  5 giant cockroaches
  5 goblins
  7 hobgoblins
  9 jackals
  5 quokkas
  7 ball pythons
  A bat (D:3)
  2 frilled lizards
  29 kobolds
  6 rats
202 creatures vanquished.

Notes
Turn   | Place    | Note
-------+----------+-------------------------------------------
     0 | D:1      | 12572944 the Troll Fighter began the quest for the Orb.
     0 | D:1      | Reached XP level 1. HP: 22/22 MP: 0/0
   229 | D:1      | Reached XP level 2. HP: 29/29 MP: 1/1
   743 | D:2      | Reached XP level 3. HP: 31/36 MP: 2/2
   746 | D:2      | Reached skill level 3 in Unarmed Combat
  1059 | D:2      | Reached XP level 4. HP: 43/44 MP: 3/3
  1256 | D:3      | Noticed a black bear
  1279 | D:3      | Killed a black bear
  1280 | D:3      | Reached skill level 4 in Unarmed Combat
  1280 | D:3      | Reached XP level 5. HP: 52/53 MP: 4/4
  1405 | D:3      | Found a glowing drain.
  1414 | Sewer    | Entered a sewer
  1705 | D:3      | Found a faded altar of an unknown god.
  2336 | D:4      | Noticed a black bear
  2465 | D:4      | Killed a black bear
  2466 | D:4      | Reached XP level 6. HP: 52/61 MP: 5/5
  2479 | D:4      | Reached skill level 5 in Unarmed Combat
  2907 | D:5      | Entered Level 5 of the Dungeon
  2931 | D:5      | Noticed an ice beast
  2998 | D:5      | Found an iron altar of Okawaru.
  3004 | D:5      | Reached XP level 7. HP: 68/68 MP: 6/6
  3019 | D:5      | HP: 3/68 [acid (10)]
  3181 | D:5      | Reached skill level 6 in Unarmed Combat
  3443 | D:5      | Reached skill level 5 in Shields
  3463 | D:5      | Found a shimmering blue altar of Sif Muna.
  3614 | D:5      | Reached XP level 8. HP: 79/79 MP: 7/7
  4066 | D:5      | Reached skill level 7 in Unarmed Combat
  4205 | D:6      | Gained mutation: Your muscles are strong. (Str +4, Int/Dex
                  | -1) [potion of mutation]
  4205 | D:6      | Gained mutation: You are clumsy. (Dex -2) [potion of
                  | mutation]
  4205 | D:6      | Gained mutation: You have a pair of small horns on your
                  | head. [potion of mutation]
  4220 | D:6      | Lost mutation: Your muscles are strong. (Str +4, Int/Dex
                  | -1) [potion of mutation]
  4220 | D:6      | Lost mutation: You are clumsy. (Dex -2) [potion of
                  | mutation]
  4220 | D:6      | Gained mutation: You are agile. (Dex +4, Str/Int -1)
                  | [potion of mutation]
  4220 | D:6      | Gained mutation: You have supernaturally acute eyesight.
                  | (SInv) [potion of mutation]
  4349 | D:6      | Reached skill level 5 in Fighting
  4403 | D:6      | Reached skill level 8 in Unarmed Combat
  4857 | D:6      | Reached XP level 9. HP: 82/88 MP: 8/8
  5123 | D:7      | Reached skill level 9 in Unarmed Combat
  5342 | D:7      | Found a transporter.
  5343 | D:7      | Found a transporter.
  5343 | D:7      | Noticed MrSquiggles's ghost (novice HuWn)
  5343 | D:7      | Identified the +1 great mace of Kuwec {venom, rPois rCorr}
  5343 | D:7      | Noticed a two-headed ogre
  5344 | D:7      | Identified a scroll of acquirement
  5380 | D:7      | Found a staircase to the Ecumenical Temple.
  5389 | Temple   | Entered the Ecumenical Temple
  5450 | Temple   | Became a worshipper of the Wu Jian Council
  5761 | D:7      | Found a stormy altar of Qazlal.
  5761 | D:7      | Found a faded altar of an unknown god.
  5767 | D:7      | Identified the +9 sling of Yfoebaonn {flame, rPois Int+2}
  5770 | D:7      | Found a faded altar of an unknown god.
  5781 | D:7      | Found a sparkling altar of Nemelex Xobeh.
  5783 | D:7      | Found a snail-covered altar of Cheibriados.
  6809 | D:8      | Reached skill level 10 in Unarmed Combat
  6955 | D:9      | Noticed Pikel
  6972 | D:8      | Reached XP level 10. HP: 98/98 MP: 9/9
  6973 | D:8      | Killed Pikel
  7122 | D:9      | Reached * piety under Wu Jian
  7240 | D:9      | Reached skill level 11 in Unarmed Combat
  7398 | D:9      | Found an ancient bone altar of Kikubaaqudgha.
  7434 | D:9      | Noticed a soul eater
  7577 | D:9      | Noticed a soul eater
  7584 | D:9      | Slain by a soul eater

Illustrated notes

Levels and vault maps discovered:
D:1:      dpeg_arrival_tiny_d, layout_loops_ring
D:2:      layout_rooms, nicolae_kite_square_tiling_tiny
D:3:      layout_loops_cross, cheibrodos_sewer_entry_sluice,
          basic_ecumenical_altar
D:4:      layout_basic
D:5:      layout_loops_ring, mainiacjoe_overflow_boulevard, okawaru_gym_becter
D:6:      layout_loops_ring, minmay_unpleasant_kobolds
D:7:      layout_loops_ring, chequers_temple_overflow_minitemple,
          minmay_temple_entry_poolview, gammafunk_ghost_smash
D:8:      layout_basic, minivault_21, minmay_misc_feat_secret_circle,
          minmay_misc_feat_x
D:9:      layout_rooms, kennysheep_little_box, uniq_pikel
Temple:   nicolae_temple_x_marks_the_god

Skill      XL: |  1  2  3  4  5  6  7  8  9 10 |
---------------+-------------------------------+-----
Shields        | 3 4 5 6 7 |  7.6
Unarmed Combat | 3 4 5 6 8 10 11 | 11.1
Fighting       | 3 4 5 6 |  6.9
Dodging        | 3 4 |  4.8

Action                     |  1- 3 |  4- 6 |  7- 9 | 10-12 || total
---------------------------+-------+-------+-------+-------++-------
  Melee: Unarmed           |   110 |   138 |   271 |    96 ||   615
         Headbutt          |       |       |    41 |    12 ||    53
  Throw: Stone             |    32 |       |     1 |       ||    33
         Large rock        |       |       |    17 |       ||    17
         Javelin           |       |       |     3 |     7 ||    10
Ability: Lunge             |       |       |    12 |     5 ||    17
         Whirlwind         |       |       |       |    12 ||    12
  Evoke: Wand              |       |       |       |     1 ||     1
    Use: Scroll            |       |    10 |     7 |       ||    17
         Potion            |       |     2 |     9 |     1 ||    12
   Stab: Sleeping          |     3 |       |       |       ||     3
 Armour: Robe              |    40 |    37 |    36 |    28 ||   141
         Skin              |       |       |     1 |       ||     1
         Steam dragon scal |       |       |       |     8 ||     8
  Dodge: Dodged            |    33 |    42 |    84 |    53 ||   212
  Block: Kite shield       |    36 |    56 |   108 |    46 ||   246

Table legend: (Time is in decaauts)
 A = Elapsed time spent in this place.
 B = Non-inter-level travel time spent in this place.
 C = Inter-level travel time spent in this place.
 D = Time resting spent in this place.
 E = Time spent auto-exploring this place.
 F = Levels seen in this place.
 G = Mean time per level.
                   A        B        C        D        E       F      G
               +--------+--------+--------+--------+--------+-----+--------+
         Total |   7639 |   7097 |    542 |    348 |   4948 |  11 |  694.5 |
       Dungeon |   7331 |   6802 |    529 |    348 |   4763 |   9 |  814.6 |
        Temple |     65 |     52 |     13 |      0 |     45 |   1 |   65.0 |
         Sewer |    242 |    242 |      0 |      0 |    140 |   1 |  242.0 |
               +--------+--------+--------+--------+--------+-----+--------+

Top non-repeatable levels by time:
     D:8: 1241 daAuts
     D:5: 1056 daAuts
     D:6: 953 daAuts
     D:7: 860 daAuts
     D:3: 747 daAuts
     D:4: 738 daAuts
     D:1: 726 daAuts
     D:2: 516 daAuts
     D:9: 491 daAuts
   Sewer: 242 daAuts
  Temple: 65 daAuts
